 Dungeon Crawl Stone Soup version 0.29.1-12-g30fa7ad0bf (webtiles) character file.

Game seed: 12016849443286828210

2 cdecastro the Vexing (level 1, -1/7 HPs)
             Began as a Felid Enchanter on Jan 14, 2023.
             Slain by an endoplasm (3 damage)
             ... on level 1 of the Dungeon.
             The game lasted 00:00:45 (88 turns).

cdecastro the Vexing (Felid Enchanter)                Turns: 88, Time: 00:00:46

Health: -1/7       AC:  1    Str:  4    XL:     1   Next: 25%
Magic:  4/4        EV: 17    Int: 16    God:
Gold:   0          SH:  0    Dex: 16    Spells: 4/4 levels left
                                        Lives:  0   Deaths: 0

rFire   . . .      SeeInvis +     - Unarmed
rCold   . . .      Faith    .   (shield unavailable)
rNeg    . . .      Spirit   .   (body armour unavailable)
rPois   .          Reflect  .   (helmet unavailable)
rElec   .          Harm     .   (cloak unavailable)
rCorr   .          Rampage  .   (gloves unavailable)
Will    .....                   (boots unavailable)
Stlth   +++.......              (no amulet)
HPRegen 0.02/turn               (no ring)
MPRegen 0.09/turn               (no ring)

@: quick
A: very small, claws 1, fangs 3, see invisible, speed 1, shaggy fur 1, stealthy
paws, no weapons or thrown items, no armour, multi-lived
a: no special abilities


You were on level 1 of the Dungeon.
You visited 1 branch of the dungeon, and saw 1 of its levels.

Inventory:

Potions
 a - 2 potions of invisibility
 b - a potion of flight {unknown}
 c - a potion of mutation {unknown}


   Skills:
 - Level 2.6 Dodging
 + Level 4.0 Stealth
 - Level 1.0 Unarmed Combat
 - Level 2.0 Spellcasting
 * Level 4.5 Hexes


You had 4 spell levels left.
You didn't know any spells.
Your spell library contained the following spells:

 Spells                   Type           Power      Damage    Failure   Level
 Confusing Touch          Hex            16%        N/A       10%         3
 Tukima's Dance           Hex            16%        N/A       10%         3
 Ensorcelled Hibernation  Hex/Ice        16%        N/A       12%         2
 Dazzling Flash           Conj/Hex       16%        N/A       24%         3


Dungeon Overview and Level Annotations

Branches:
Dungeon (1/15)

Altars:


Innate Abilities, Weirdness & Mutations

You have sharp claws.
You have razor-sharp teeth.
You have supernaturally acute eyesight. (SInv)
You cover ground quickly. (Speed+)
You are covered in fur. (AC +1)
Your paws help you pounce on unaware monsters.
You are incapable of wielding weapons or throwing items.
You cannot wear armour.
You gain extra lives every three experience levels.


Message History

A rat comes into view.
You pounce on the unaware helpless rat!
You claw the rat!
You kill the rat!
No target in view!
No target in view!
A bat comes into view.
Found a sling.
You see here a rat corpse.
A bat is nearby!
A bat is nearby!
You see here a +0 sling.
You pounce on the unaware helpless bat!
You claw the bat!
You kill the bat!
No target in view!
Unknown command.
Unknown command.
b - a bubbling grey potion
c - a smoky ruby potion An endoplasm comes into view.
An endoplasm is nearby!
A dart slug comes into view.
A frilled lizard comes into view.
The endoplasm quivers.
The endoplasm freezes you.
You are frozen.
You are too injured to fight recklessly!
There is a stone staircase leading down here.
You scratch the endoplasm but do no damage.
The endoplasm hits you.
* * * LOW HITPOINT WARNING * * *
You scratch the endoplasm but do no damage.
The endoplasm misses you.
You scratch the endoplasm.
The endoplasm is lightly wounded.
The endoplasm hits you.
* * * LOW HITPOINT WARNING * * *
You scratch the endoplasm.
The endoplasm is heavily wounded.
The endoplasm hits you.
You die...

#.........#.##..#
##..#####.......#
#...# ###..##.#####
#..## ##....§§§§#
....#########.##§§§.#
....##........##.§§§#
....##........##....#
....#.........##J...#
..............##@><.#
..#.##........#######
........(.....#
......###.#####
......# #. ......#
....... #...... ..


You could see an endoplasm.

Vanquished Creatures
  A bat (D:1)
  A rat (D:1)
2 creatures vanquished.

Notes
Turn   | Place    | Note
-------+----------+-------------------------------------------
     0 | D:1      | cdecastro the Felid Enchanter began the quest for the Orb.
     0 | D:1      | Reached XP level 1. HP: 7/7 MP: 4/4
    88 | D:1      | Slain by an endoplasm

Illustrated notes

Levels and vault maps discovered:
D:1:      dpeg_arrival_fog, layout_rooms,
          shapermc_ecumenical_altar_mp_highgroup, minmay_tripent

Action                   || total
-------------------------++-------
Melee: Unarmed           ||     6
 Stab: Sleeping          ||     2
Dodge: Dodged            ||     1
